 Dungeon Crawl Stone Soup version 0.22.0-38-g04b72b8c25 (webtiles) character file.

24 Flugkiller the Scratcher (level 2, 0/14 HPs)
             Began as a Felid Chaos Knight on Aug 26, 2018.
             Slain by a kobold
             ... wielding a +0 short sword
              (4 damage)
             ... on level 2 of the Dungeon.
             The game lasted 00:01:23 (396 turns).

Flugkiller the Scratcher (Felid Chaos Knight)        Turns: 396, Time: 00:01:23

Health: 0/14       AC:  1    Str:  8    XL:     2   Next: 79%
Magic:  3/3        EV: 18    Int: 13    God:    Xom [..*...]
Gold:   24         SH:  0    Dex: 15    Spells: 1/1 levels left
                                        Lives:  0   Deaths: 0

rFire    . . .     SeeInvis +     - Unarmed
rCold    . . .     Gourm    .   (shield unavailable)
rNeg     . . .     Faith    .   (armour unavailable)
rPois    .         Spirit   .   (helmet unavailable)
rElec    .         Reflect  .   (cloak unavailable)
rCorr    .         Harm     +   (gloves unavailable)
MR       .....                  (boots unavailable)
Stlth    ++........             d - amulet of harm
HPRegen  0.04/turn              (no ring)
MPRegen  0.08/turn              (no ring)

@: quick
A: very small, no armour, no weapons or thrown items, stealth, claws 1, fangs 3,
see invisible, carnivore, speed 1, shaggy fur 1, slow metabolism 1, sharp paws
a: Renounce Religion


You were on level 2 of the Dungeon.
You worshipped Xom.
You were a toy of Xom.
You were very full.

You visited 1 branch of the dungeon, and saw 2 of its levels.

You collected 24 gold pieces.

Inventory:

Jewellery
 d - an amulet of harm (around neck)
Potions
 c - a potion of agility {unknown}
Comestibles
 a - a ration
 b - 2 chunks of flesh


   Skills:
 - Level 3.0 Fighting
 - Level 3.2 Dodging
 + Level 4.1 Unarmed Combat


You had one spell level left.
You didn't know any spells.
Your spell library was empty.

Dungeon Overview and Level Annotations

Branches:
Dungeon (1/15)

Altars:


Innate Abilities, Weirdness & Mutations

You cannot wear armour.
You are incapable of wielding weapons or throwing items.
Your paws allow you to move quietly. (Stealth)
You have sharp claws.
You have razor-sharp teeth.
You have supernaturally acute eyesight. (SInv)
You are carnivorous and can eat meat at any time.
You cover ground quickly.
You are covered in fur. (AC +1)
You have a slow metabolism.
Your sharp claws are effective at attacking unaware monsters.


Message History

A giant cockroach comes into view.
A kobold comes into view. It is wielding a short sword.
The kobold shouts!
Xom smirks.
You detect creatures!
Xom almost notices you.
You are showered with tiny particles of grit.
You scratch the giant cockroach.
The giant cockroach is heavily wounded.
The giant cockroach completely misses you.
You barely miss the giant cockroach.
The giant cockroach is heavily wounded.
Xom's attention almost turns to you for a moment.
You hear a distant rumble.
The kobold misses you. The giant cockroach misses you.
You scratch the giant cockroach.
You kill the giant cockroach!
The kobold hits you with a short sword.
You die... "I guess I need a new plaything now."

#.###.#### #.## #.#
#.# ..# #.# #.# ..###
#.# #.# ...# #.#
#.#########.#
#.###.#..........
#s...............
#######.#....K#.
#.@†....#.###.#####
#K#######.........#
###l###########.###w#
#.....l.........#
#...#############
#...# #####


You could see a kobold and a frilled lizard.

Vanquished Creatures
  An adder (D:2)
  2 dart slugs (D:1)
  2 giant cockroaches (D:2)
  2 hobgoblins (D:1)
  2 kobolds (D:1)
  2 bats
  A rat (D:1)
12 creatures vanquished.

Vanquished Creatures (others)
  A goblin (D:1)
1 creature vanquished.

Grand Total: 13 creatures vanquished

Notes
Turn   | Place    | Note
-------+----------+-------------------------------------------
     0 | D:1      | Flugkiller the Felid Chaos Knight began the quest for the Orb.
     0 | D:1      | Reached XP level 1. HP: 10/10 MP: 2/2
   191 | D:1      | Reached XP level 2. HP: 14/14 MP: 3/3
   256 | D:1      | You fall through a shaft!
   266 | D:2      | XOM: divination: detect creatures
   328 | D:2      | Reached skill level 4 in Unarmed Combat
   360 | D:2      | XOM: harmless Hex miscast
   383 | D:2      | XOM: divination: detect creatures
   389 | D:2      | XOM: harmless Erth miscast
   395 | D:2      | XOM: harmless Erth miscast
   396 | D:2      | Slain by a kobold

Skill      XL: |  1  2 |
---------------+-------+-----
Unarmed Combat | 4 |  4.1
Fighting       | |  3.0
Dodging        | |  3.2

Action                   || total
-------------------------++-------
Melee: Unarmed           ||    26
       Bite              ||     2
 Stab: Sleeping          ||     4
  Eat: Chunk             ||     4
Armor: Skin              ||     5
Dodge: Dodged            ||    33
